 Dungeon Crawl Stone Soup version 0.32-a0-314-g526f7d4993 (webtiles) character file.

Game seed: 9972389985518486037

77 zenocrate the Sneak (level 4, -3/32 HPs)
             Began as an Octopode Delver on Feb 16, 2024.
             Slain by a gnoll
             ... wielding a +0 whip
              (8 damage)
             ... on level 2 of the Dungeon.
             The game lasted 00:02:30 (1059 turns).

zenocrate the Sneak (Octopode Delver)               Turns: 1059, Time: 00:02:31

Health: -3/32      AC:  1    Str: 13    XL:     4   Next: 34%
Magic:  4/4        EV: 13    Int: 12    God:
Gold:   102        SH:  0    Dex: 13    Spells: 3/3 levels left

rFire   . .          .
                       - Unarmed
rCold   . . .        (no shield)
rNeg    . . .        (helmet restricted)
rPois   .            (no amulet)
rElec   .            (no ring)
rCorr   .            (no ring)
SInv    .            (no ring)
Will    .....        (no ring)
Stlth   ++++         (no ring)
HPRegen 0.25/turn    (no ring)
MPRegen 0.09/turn    (no ring)
                     (no ring)

%: no passive effects
@: no status effects
A: almost no armour, amphibious, 8 rings, camouflage 1, gelatinous body 1,
(nimble swimmer 1), tentacles
a: no special abilities


You were on level 2 of the Dungeon.
You visited 1 branch of the dungeon, and saw 5 of its levels.

You collected 102 gold pieces.

Inventory:

Wands
 e - a wand of digging (3)
 f - a wand of iceblast (15)
Scrolls
 a - 2 scrolls of fog
 b - a scroll of revelation
 c - a scroll of fear
 g - a scroll of vulnerability {unknown}
 h - a scroll of blinking {unknown}
 i - a scroll of brand weapon {unknown}
 j - a scroll of identify {unknown}
 k - a scroll of enchant armour {unknown}
 l - a scroll of summoning {unknown}
Potions
 d - a potion of haste
 m - 2 potions of curing {unknown}
 n - 2 potions of berserk rage {unknown}
 o - a potion of enlightenment {unknown}


   Skills:
 + Level 3.6 Fighting
 + Level 2.9 Dodging
 - Level 7.0 Stealth
 + Level 2.8 Unarmed Combat


You had 3 spell levels left.
You didn't know any spells.
Your spell library was empty.

Dungeon Overview and Level Annotations

Branches:
Dungeon (5/15)
 Temple: D:4-7

Altars:


Innate Abilities, Weirdness & Mutations

You cannot wear most types of armour.
You are amphibious.
You can wear up to eight rings at the same time.
Your skin changes colour to match your surroundings (Stealth+).
Your rubbery body absorbs attacks. (AC +1, EV +1)
((You are camouflaged when in or above water. (Stealth+)))
You have tentacles for arms and can constrict up to eight enemies at once.


Message History

You constrict the gnoll, but do no damage.
The gnoll barely misses you.
Unknown command.
Unknown command.
You barely miss the gnoll.
The gnoll is severely wounded.
You constrict the gnoll, but do no damage.
The gnoll hits you but does no damage.
Unknown command.
You tentacle-slap the gnoll. You squeeze the gnoll.
You kill the gnoll!
Unknown command.
You closely miss the hobgoblin. Your grab misses the hobgoblin.
The hobgoblin barely misses you.
Unknown command.
You tentacle-slap the hobgoblin. You grab the hobgoblin.
The hobgoblin is almost dead.
You constrict the hobgoblin.
You kill the hobgoblin!
You barely miss the gnoll. Your grab misses the gnoll.
The gnoll is moderately wounded.
The gnoll hits you with a +0 whip.
* * * LOW HITPOINT WARNING * * *
Unknown command.
Unknown command.
You barely miss the gnoll. You grab the gnoll.
The gnoll is moderately wounded.
You constrict the gnoll. The gnoll hits you with a +0 whip.
* * * LOW HITPOINT WARNING * * *
Unknown command.
Unknown command.
You tentacle-slap the gnoll.
The gnoll is severely wounded.
You constrict the gnoll. The gnoll barely misses you.
Unknown command.
You tentacle-slap the gnoll but do no damage.
The gnoll is severely wounded.
You constrict the gnoll, but do no damage.
The gnoll hits you with a +0 whip!
You die...

......##.##### .. .....##.....
###. #.#........# #...
...........# #... #g#........#
#... #.#....... #...
#.#..##.####...
####...##.#....)..<....
.......@g.....#)####.##
####...##.##.....# #...... .#
#...##.##.....# #....#....
...............#
#....#.#.####...#..##.....###.#
#......#.## ......!...†)........
.......... ........[............
.......#.###...##..#.#....###.##
...............##..>......### #


You could see a gnoll.

Vanquished Creatures
  2 gnolls (D:2)
  A dart slug (D:1)
  5 ball pythons
  2 endoplasms (D:1)
  4 goblins
  3 hobgoblins
  6 kobolds
  3 bats
  3 frilled lizards (D:1)
  4 rats
33 creatures vanquished.

Notes
Turn   | Place    | Note
-------+----------+-------------------------------------------
     0 | D:5      | zenocrate the Octopode Delver began the quest for the Orb.
     0 | D:5      | Reached XP level 1. HP: 16/16 MP: 1/1
    20 | D:5      | Noticed a black bear
   109 | D:1      | Reached XP level 2. HP: 21/21 MP: 2/2
   456 | D:1      | Reached XP level 3. HP: 26/26 MP: 3/3
   591 | D:1      | Found a faded altar of an unknown god.
   656 | D:1      | Reached skill level 7 in Stealth
  1029 | D:2      | Reached XP level 4. HP: 29/31 MP: 4/4
  1059 | D:2      | Slain by a gnoll

Illustrated notes

Levels and vault maps discovered:
D:1:      saegor_arrival_under_anarchy, layout_basic,
          dilly_ecumenical_altar_fadedgnrine
D:2:      layout_basic, minmay_pentomino_s2, uniq_terence
D:3:      layout_basic, serial_shops, nicolae_shop_rolling_square,
          serial_bayou_ford_a, nrook_campfire, hangedman_decor_opposing
D:4:      layout_loops_cross, mainiacjoe_overflow_cross_hatched,
          nicolae_overflow_squiral, grunt_tough_drop
D:5:      layout_basic, mainiacjoe_overflow_24_doors, led_sif_book,
          ebering_ghost_sewer_f

Skill      XL: |  1  2  3 |
---------------+----------+-----
Stealth        | 7 |  7.0
Fighting       | |  3.6
Dodging        | |  2.9
Unarmed Combat | |  2.8

Action                     |  1- 3 |  4- 6 || total
---------------------------+-------+-------++-------
  Melee: Unarmed           |    61 |    21 ||    82
         Constrict         |    16 |     7 ||    23
         Tentacles         |     7 |     2 ||     9
         Punch             |     1 |       ||     1
   Stab: Sleeping          |     9 |       ||     9
 Armour: Skin              |    29 |     8 ||    37
  Dodge: Dodged            |    39 |    11 ||    50

Table legend: (Time is in decaauts)
 A = Elapsed time spent in this place.
 B = Non-inter-level travel time spent in this place.
 C = Inter-level travel time spent in this place.
 D = Time resting spent in this place.
 E = Time spent auto-exploring this place.
 F = Levels seen in this place.
 G = Mean time per level.
                   A        B        C        D        E       F      G
               +--------+--------+--------+--------+--------+-----+--------+
         Total |   1054 |   1026 |     28 |      0 |    751 |   5 |  210.8 |
       Dungeon |   1054 |   1026 |     28 |      0 |    751 |   5 |  210.8 |
               +--------+--------+--------+--------+--------+-----+--------+

Top non-repeatable levels by time:
     D:1: 894 daAuts
     D:2: 106 daAuts
     D:5: 26 daAuts
     D:4: 15 daAuts
     D:3: 11 daAuts
